 Dungeon Crawl Stone Soup version 0.29-a0-271-gd4eb659eea (webtiles) character file.

Game seed: 12937493902739566846

2809 Morbidden the Ruffian (level 9, -2/83 HPs)
             Began as a Troll Earth Elementalist on Mar 8, 2022.
             Was a Follower of Cheibriados.
             Slain by a gnoll shaman
             ... wielding a +1 whip of freezing
              (8 damage)
             ... on level 7 of the Dungeon.
             The game lasted 00:12:02 (6069 turns).

Morbidden the Ruffian (Troll Earth Elementalist)    Turns: 6069, Time: 00:12:02

Health: -2/83      AC:  5    Str: 26    XL:     9   Next: 44%
Magic:  13/13      EV: 10    Int: 20    God:    Cheibriados [*.....]
Gold:   739        SH:  0    Dex: 15    Spells: 10/15 levels left

rFire   + . .      SeeInvis .     - Unarmed
rCold   . . .      Faith    .   (no shield)
rNeg    . . .      Spirit   .   A - +0 robe
rPois   .          Reflect  .   (helmet currently unavailable)
rElec   +          Harm     .   C - +0 cloak
rCorr   .          Rampage  .   (gloves unavailable)
Will    .....                   (boots unavailable)
Stlth   ++........              g - amulet of Makhleb's Hope {RegenMP rElec Int+3 Dex+3}
HPRegen 1.03/turn               l - ring of protection from fire
MPRegen 0.53/turn               z - +6 ring of strength

@: appendages, very slow
A: horns 2, talons 2, large, unfitting armour, claws 3, regeneration 1, shaggy
fur 1, tough skin 1
a: End Transformation, Renounce Religion, Bend Time


You were on level 7 of the Dungeon.
You worshipped Cheibriados.
Cheibriados was aware of your devotion.
You had temporarily grown beastly horns and talons.
You visited 2 branches of the dungeon, and saw 8 of its levels.
You also visited: Ossuary.

You collected 899 gold pieces.
You spent 160 gold pieces at shops.

Inventory:

Hand Weapons
 b - a +3 triple crossbow
Missiles
 a - 163 stones
 f - a curare-tipped dart
 m - 24 poisoned darts (quivered)
Armour
 A - a +0 robe (worn)
 C - a +0 cloak (worn)
Jewellery
 g - the amulet of Makhleb's Hope (around neck) {RegenMP rElec Int+3 Dex+3}
   (You acquired it on level 7 of the Dungeon)

   [amulet of magic regeneration]

   It increases your rate of magic regeneration.
   Int:       It affects your intelligence (+3).
   Dex:       It affects your dexterity (+3).
   rElec:     It insulates you from electricity.
 l - a ring of protection from fire (left claw)
 p - an amulet of faith
 z - a +6 ring of strength (right claw)
 E - a ring of protection from cold
Wands
 q - a wand of flame (34)
 D - a wand of mindburst (17)
Scrolls
 d - a scroll of identify
 e - 2 scrolls of immolation
 h - 4 scrolls of enchant armour
 o - 2 scrolls of fog
 r - a scroll of summoning {unknown}
 t - 2 scrolls of magic mapping
 w - 2 scrolls of amnesia
 x - 2 scrolls of teleportation
 y - a scroll of vulnerability
Potions
 c - a potion of magic
 i - a potion of haste
 j - 3 potions of curing
 n - a potion of lignification {unknown}
 s - a potion of might {unknown}
 u - 2 potions of brilliance {unknown}
 v - 2 potions of resistance {unknown}
 B - 2 potions of cancellation {unknown}


   Skills:
 * Level 3.3 Fighting
 + Level 0.1 Throwing
 + Level 3.0 Dodging
 * Level 2.1 Stealth
 * Level 7.6 Unarmed Combat
 * Level 3.5 Spellcasting
 * Level 1.0 Conjurations
 * Level 2.9 Transmutations
 * Level 5.1 Earth Magic
 * Level 0.7 Invocations


You had 10 spell levels left.
You knew the following spells:

 Your Spells              Type           Power      Damage    Failure   Level
a - Sandblast             Erth           48%        2d12      1%          1
b - Stone Arrow           Conj/Erth      32%        3d9       11%         3
z - Beastly Appendage     Tmut           30%        N/A       4%          1

Your spell library contained the following spells:

 Spells                   Type           Power      Damage    Failure   Level
 Passwall                 Tmut/Erth      15%        N/A       4%          2
 Wereblood                Tmut           15%        N/A       6%          2
 Spider Form              Tmut/Pois      9%         N/A       22%         3
 Petrify                  Tmut/Erth      19%        N/A       26%         4
 Tukima's Dance           Hex            3%         N/A       38%         3
 Passage of Golubria      Tloc           3%         N/A       80%         4
 Yara's Violent Unravell  Hex/Tmut       4%         3d4       91%         5


Dungeon Overview and Level Annotations

Branches:
Dungeon (7/15)             Temple (1/1) D:7         Ossuary (visited)

Altars:
Ashenzari
Cheibriados
Dithmenos
Elyvilon
Fedhas
Gozag
Hepliaklqana
Makhleb
Okawaru
Qazlal
Sif Muna
Uskayaw
Vehumet
Wu Jian
Yredelemnul
The Shining One

Shops:
D:7 (


Innate Abilities, Weirdness & Mutations

You have temporarily grown beastly horns and talons.
You are too large for most types of armour.
You have claws for hands.
Your natural rate of healing is unusually fast.
You are covered in fur. (AC +1)
You have tough skin. (AC +1)


Message History

a +0 flail; a gnoll corpse You claw the gnoll shaman!
Your kick misses the gnoll shaman.
The gnoll shaman is severely wounded.
The gnoll throws a throwing net.
The throwing net hits you.
You become entangled in the net!
The gnoll hits you with a +0 halberd!
The gnoll shaman hits you with a +1 whip of freezing.
The gnoll shaman freezes you.
You are held in a net!
Unknown command.
Unknown command.
You are held in a net!
Unknown command.
You are held in a net!
Unknown command.
You are held in a net!
You are held in a net!
Unknown command.
You tear a large gash into the net.
The gnoll hits you with a +0 halberd.
The gnoll shaman hits you with a +1 whip of freezing!
The gnoll shaman freezes you.
Unknown command.
You struggle against the net.
The gnoll hits you with a +0 halberd!
The gnoll shaman hits you with a +1 whip of freezing!
The gnoll shaman freezes you.
* * * LOW HITPOINT WARNING * * *
Unknown command.
You struggle against the net.
The gnoll hits you with a +0 whip.
* * * LOW HITPOINT WARNING * * *
The gnoll barely misses you.
The gnoll shaman hits you with a +1 whip of freezing!
* * * LOW HITPOINT WARNING * * *
The gnoll shaman freezes you.
* * * LOW HITPOINT WARNING * * *
Unknown command.
Unknown command.
You rip the net and break free!
The gnoll barely misses you. The gnoll hits you with a +0 halberd!
* * * LOW HITPOINT WARNING * * *
The gnoll shaman hits you with a +1 whip of freezing!
You die...

#..### #.... ##....
.... ###...
..gg#####.#
#gggn....### #@#
#.. ##'## #.#
##...## #.# ##
##.....## #.### .#
#.......## #.#.##
.##..
#.........###....##
.....
+.........'[......#
.##.#
#.........###....##
##.......## #.#.##


You could see a necrophage, a gnoll shaman and 4 gnolls.

Vanquished Creatures
  A water moccasin (D:6)
  An ice beast (D:4)
  4 sky beasts
  A black bear (D:6)
  3 ogres
  4 kobold brigands
  2 bullfrogs (D:7)
  A necrophage (D:6)
  2 scorpions
  9 wights
  A howler monkey (D:5)
  2 centaur zombies (Ossuary)
  A jelly (D:5)
  2 orc priests (D:7)
  4 hounds
  2 iguanas (D:7)
  A gnoll shaman (D:4)
  An orc wizard (D:6)
  3 ogre zombies (Ossuary)
  7 mummies (Ossuary)
  5 adders
  8 gnolls
  2 white imps
  An ufetubus (D:6)
  5 adder zombies (Ossuary)
  3 worms
  9 orcs
  6 endoplasms
  A giant cockroach (D:1)
  2 hobgoblins
  6 jackals
  24 kobolds
  2 quokkas
  8 ball pythons
  5 bats
  2 frilled lizards (D:1)
  3 gnoll zombies (Ossuary)
  7 goblins
  A goblin zombie (Ossuary)
  2 hobgoblin zombies (Ossuary)
  4 kobold zombies (Ossuary)
  4 quokka zombies (Ossuary)
  10 rats
  6 rat zombies (Ossuary)
178 creatures vanquished.

Vanquished Creatures (others)
  8 fungi (D:4)
8 creatures vanquished.

Grand Total: 186 creatures vanquished

Notes
Turn   | Place    | Note
-------+----------+-------------------------------------------
     0 | D:1      | Morbidden the Troll Earth Elementalist began the quest for
                  | the Orb.
     0 | D:1      | Reached XP level 1. HP: 16/16 MP: 1/1
   112 | D:1      | Reached XP level 2. HP: 26/26 MP: 3/3
   428 | D:1      | Reached XP level 3. HP: 32/32 MP: 4/4
   637 | D:2      | Reached skill level 1 in Transmutations
   822 | D:2      | Reached skill level 1 in Unarmed Combat
   834 | D:2      | Reached skill level 1 in Fighting
   910 | D:2      | Reached XP level 4. HP: 40/41 MP: 5/5
  1254 | D:3      | Noticed a sky beast
  1273 | D:3      | Killed a sky beast
  1274 | D:3      | Reached skill level 2 in Unarmed Combat
  1274 | D:3      | Reached XP level 5. HP: 12/48 MP: 0/6
  1668 | D:3      | Found a glowing golden altar of the Shining One.
  1672 | D:3      | Found a basalt altar of Yredelemnul.
  1675 | D:3      | Found a hide-covered altar of Uskayaw.
  1961 | D:4      | Found a sand-covered staircase.
  1969 | Ossuary  | Entered an ossuary
  2256 | Ossuary  | Reached skill level 3 in Unarmed Combat
  2256 | Ossuary  | Reached XP level 6. HP: 55/55 MP: 8/8
  2658 | D:4      | Noticed an ice beast
  2677 | D:4      | Reached skill level 4 in Unarmed Combat
  2684 | D:4      | Killed an ice beast
  2685 | D:4      | Reached XP level 7. HP: 51/63 MP: 5/9
  2867 | D:4      | Reached skill level 5 in Unarmed Combat
  2967 | D:4      | Learned a level 3 spell: Stone Arrow
  3536 | D:5      | Entered Level 5 of the Dungeon
  3601 | D:5      | Reached XP level 8. HP: 65/72 MP: 7/10
  3697 | D:5      | Identified the +11 spear of Keurumn {venom, Fragile MP+9
                  | Str+3}
  3905 | D:5      | Found a radiant altar of Vehumet.
  4231 | D:6      | Reached skill level 6 in Unarmed Combat
  4422 | D:6      | Learned a level 1 spell: Beastly Appendage
  4462 | D:6      | Found a burning altar of Makhleb.
  4666 | D:6      | Found a stormy altar of Qazlal.
  4696 | D:6      | Reached skill level 7 in Unarmed Combat
  4698 | D:6      | Reached XP level 9. HP: 77/81 MP: 10/12
  4804 | D:6      | Found a shadowy altar of Dithmenos.
  4815 | D:6      | Found a white marble altar of Elyvilon.
  5525 | D:7      | Found a staircase to the Ecumenical Temple.
  5584 | Temple   | Entered the Ecumenical Temple
  5609 | Temple   | Became a worshipper of Cheibriados the Contemplative
  5631 | D:7      | Identified 2 scrolls of acquirement
  5632 | D:7      | Acquired 441 gold pieces
  5634 | D:7      | Acquired the amulet of Makhleb's Hope {RegenMP rElec Int+3
                  | Dex+3}
  5677 | D:7      | Reached skill level 5 in Earth Magic
  5705 | D:7      | Found Wish's Firing Range.
  5766 | D:7      | Bought a +0 triple crossbow for 160 gold pieces
  5807 | D:7      | Reached skill level 1 in Conjurations
  5966 | D:7      | Reached * piety under Cheibriados
  5980 | D:7      | Found an ornate altar of the Wu Jian Council.
  6069 | D:7      | Slain by a gnoll shaman

Illustrated notes

Levels and vault maps discovered:
D:1:      eino_arrival_cavern_c, layout_basic, minmay_distorted
D:2:      layout_rooms
D:3:      layout_basic, minmay_overflow_temple_star_quad
D:4:      layout_loops_cross, serial_aquarium, aquarium_bridge_island_small
          [aquarium_subvault_small_water, aquarium_subvault_window,
          aquarium_subvault_bridge, aquarium_subvault_balcony,
          aquarium_subvault_bridge], aquarium_window_fake, aquarium_window_fake,
          aquarium_view_2b, aquarium_view_2b, aquarium_pool_2,
          nicolae_ossuary_entry_plus
D:5:      layout_rooms, kennysheep_mini
D:6:      layout_loops_cross, grunt_temple_overflow_open
D:7:      layout_loops_corners, mainiacjoe_overflow_alcove_4, temple_green,
          nicolae_shop_firing_range
Temple:   nicolae_temple_god_jail

Skill      XL: |  1  2  3  4  5  6  7  8  9 |
---------------+----------------------------+-----
Earth Magic    | 3 4 5 |  5.1
Transmutations | 1 2 |  2.9
Unarmed Combat | 1 2 3 4 5 7 |  7.6
Fighting       | 1 2 3 |  3.3
Spellcasting   | 2 3 |  3.5
Dodging        | 2 3 |  3.0
Conjurations   | 1 |  1.0
Stealth        | 2 |  2.1
Throwing       | |  0.1
Invocations    | |  0.7

Action                   |  1- 3 |  4- 6 |  7- 9 || total
-------------------------+-------+-------+-------++-------
Melee: Unarmed           |   142 |   178 |   180 ||   500
       Punch             |     1 |     4 |     8 ||    13
       Kick              |       |       |     7 ||     7
       Headbutt          |       |       |     2 ||     2
 Fire: Triple crossbow   |       |       |    10 ||    10
Throw: Dart              |       |     7 |       ||     7
 Cast: Sandblast         |       |    18 |    32 ||    50
       Stone Arrow       |       |       |    18 ||    18
       Beastly Appendage |       |       |     5 ||     5
  Use: Potion            |       |       |     5 ||     5
       Scroll            |       |       |    14 ||    14
 Stab: Sleeping          |     3 |     6 |     2 ||    11
Armor: Robe              |    55 |    40 |    38 ||   133
Dodge: Dodged            |    65 |    88 |    75 ||   228

Table legend: (Time is in decaauts)
 A = Elapsed time spent in this place.
 B = Non-inter-level travel time spent in this place.
 C = Inter-level travel time spent in this place.
 D = Time resting spent in this place.
 E = Time spent auto-exploring this place.
 F = Levels seen in this place.
 G = Mean time per level.
                   A        B        C        D        E       F      G
               +--------+--------+--------+--------+--------+-----+--------+
         Total |   6095 |   5941 |    154 |    217 |   4378 |   9 |  677.2 |
       Dungeon |   5411 |   5276 |    135 |     63 |   4138 |   7 |  773.0 |
        Temple |     45 |     26 |     19 |      0 |     16 |   1 |   45.0 |
       Ossuary |    637 |    637 |      0 |    154 |    224 |   1 |  637.0 |
               +--------+--------+--------+--------+--------+-----+--------+

Top non-repeatable levels by time:
     D:7: 1068 daAuts
     D:3: 977 daAuts
     D:4: 931 daAuts
     D:6: 791 daAuts
     D:5: 669 daAuts
 Ossuary: 637 daAuts
     D:1: 592 daAuts
     D:2: 380 daAuts
  Temple: 45 daAuts
